PL
ATLANTA SMOKE @ BROOKLYN DODGERS
09/24/2022
 
TOP OF THE 1ST
Atlanta Smoke batting - Pitching for Brooklyn Dodgers : RHP Horace McKenzie
Pitching: RHP Horace McKenzie
Batting: LHB Albert Morán 0-0: Called Strike
0-1: Ball
1-1: Called Strike
1-2: Ball
2-2: Foul Ball, location: 2F
2-2: Strikes out swinging
Batting: LHB Armando Esparza 0-0: Swinging Strike
0-1: Ball
1-1: Ground out 4-3 (Groundball, 4M)
Batting: RHB Bob Campbell 0-0: Called Strike
0-1: Foul Ball, location: 2F
0-2: Ball
1-2: Foul Ball, location: 2F
1-2: Ground out 4-3 (Groundball, 4)
Top of the 1st over - 0 run(s), 0 hit(s), 0 error(s), 0 left on base; Atlanta 0 - Brooklyn 0
BOTTOM OF THE 1ST
Brooklyn Dodgers batting - Pitching for Atlanta Smoke : RHP Makoto Kato
Pitching: RHP Makoto Kato
Batting: RHB Luis Rivas 0-0: Ball
1-0: Ball
2-0: Called Strike
2-1: Ball
3-1: SOLO HOME RUN (Line Drive, 78XD), Distance : 428 ft
Batting: LHB Rubén López 0-0: Foul Ball, location: 2F
0-1: SINGLE (Groundball, 34)
Batting: RHB Thom Wilcox 0-0: Ball
1-0: Ball
Wild Pitch!
Rubén López to second
2-0: DOUBLE (Line Drive, 7LD)
Rubén López scores
Batting: LHB Ron Bascombe 0-0: Called Strike
0-1: Ball
1-1: Swinging Strike
1-2: Strikes out swinging
Batting: LHB Curt Webb 0-0: Ball
1-0: Ball
2-0: Ball
3-0: Foul Ball, location: 2F
3-1: Swinging Strike
3-2: Ground out U3 (Groundball, 3S)
Thom Wilcox to third
Batting: RHB Donald Thompson 0-0: Swinging Strike
0-1: Swinging Strike
0-2: Ball
1-2: Ball
2-2: Ground out 6-3 (Groundball, 6)
Bottom of the 1st over - 2 run(s), 3 hit(s), 0 error(s), 1 left on base; Atlanta 0 - Brooklyn 2
TOP OF THE 2ND
Atlanta Smoke batting - Pitching for Brooklyn Dodgers : RHP Horace McKenzie
Batting: RHB Iván Pérez 0-0: Ball
1-0: Called Strike
1-1: Ball
2-1: Ground out 6-3 (Groundball, 6)
Batting: RHB Chris Teague 0-0: Called Strike
0-1: Ball
1-1: Ball
2-1: Ground out 6-3 (Groundball, 6)
Batting: RHB Cale Sutton 0-0: Called Strike
0-1: Foul Ball, location: 2F
0-2: Ball
1-2: Fly out, F4 (Popup, 34)
Top of the 2nd over - 0 run(s), 0 hit(s), 0 error(s), 0 left on base; Atlanta 0 - Brooklyn 2
BOTTOM OF THE 2ND
Brooklyn Dodgers batting - Pitching for Atlanta Smoke : RHP Makoto Kato
Batting: SHB Raymond Bright 0-0: Called Strike
0-1: Foul Ball, location: 2F
0-2: Ball
1-2: Fly out, F9 (Flyball, 89D)
Batting: RHB Patrick Clark 0-0: Ball
1-0: Ball
2-0: Called Strike
2-1: Ball
3-1: Ground out 4-3 (Groundball, 4)
Batting: RHB Jorge Torrez 0-0: Foul Ball, location: 2F
0-1: Foul Ball, location: 2F
0-2: Ball
1-2: Ball
2-2: Ball
3-2: Base on Balls
Batting: RHB Luis Rivas 0-0: Ball
1-0: Called Strike
1-1: Called Strike
1-2: Ball
2-2: Fly out, F8 (Flyball, 8LM)
Bottom of the 2nd over - 0 run(s), 0 hit(s), 0 error(s), 1 left on base; Atlanta 0 - Brooklyn 2
TOP OF THE 3RD
Atlanta Smoke batting - Pitching for Brooklyn Dodgers : RHP Horace McKenzie
Batting: RHB Mike Brown 0-0: Ball
1-0: Swinging Strike
1-1: Ground out 5-3 (Groundball, 5)
Batting: RHB Bartolo Morales 0-0: Ball
1-0: Ball
2-0: Swinging Strike
2-1: Called Strike
2-2: Foul Ball, location: 2F
2-2: Strikes out swinging
Batting: RHB Mike Burns 0-0: Ball
1-0: Called Strike
1-1: Ball
2-1: Ball
3-1: Foul Ball, location: 2F
3-2: Strikes out looking
Top of the 3rd over - 0 run(s), 0 hit(s), 0 error(s), 0 left on base; Atlanta 0 - Brooklyn 2
BOTTOM OF THE 3RD
Brooklyn Dodgers batting - Pitching for Atlanta Smoke : RHP Makoto Kato
Batting: LHB Rubén López 0-0: Ball
1-0: Called Strike
1-1: Swinging Strike
1-2: Foul Ball, location: 2F
1-2: Strikes out looking
Batting: RHB Thom Wilcox 0-0: SOLO HOME RUN (Line Drive, 7LD), Distance : 353 ft
Batting: LHB Ron Bascombe 0-0: Called Strike
0-1: Fly out, F3 (Popup, 3F)
Batting: LHB Curt Webb 0-0: Ball
1-0: Called Strike
1-1: Ground out 1-3 (Groundball, 13S)
Bottom of the 3rd over - 1 run(s), 1 hit(s), 0 error(s), 0 left on base; Atlanta 0 - Brooklyn 3
TOP OF THE 4TH
Atlanta Smoke batting - Pitching for Brooklyn Dodgers : RHP Horace McKenzie
Batting: LHB Albert Morán 0-0: Ball
1-0: Ball
2-0: Called Strike
2-1: Fly out, F8 (Flyball, 8RM)
Batting: LHB Armando Esparza 0-0: Swinging Strike
0-1: Fly out, F5 (Popup, 5S)
Batting: RHB Bob Campbell 0-0: Fly out, F9 (Flyball, 89S)
Top of the 4th over - 0 run(s), 0 hit(s), 0 error(s), 0 left on base; Atlanta 0 - Brooklyn 3
BOTTOM OF THE 4TH
Brooklyn Dodgers batting - Pitching for Atlanta Smoke : RHP Makoto Kato
Batting: RHB Donald Thompson 0-0: DOUBLE (Line Drive, 5D)
Batting: SHB Raymond Bright 0-0: Foul Ball, location: 2F
0-1: Called Strike
0-2: Fly out, F8 (Flyball, 8LM)
Batting: RHB Patrick Clark 0-0: Ball
1-0: Fly out, F8 (Line Drive, 8LD)
Batting: RHB Jorge Torrez 0-0: Ball
1-0: Fly out, F9 (Flyball, 9LM)
Bottom of the 4th over - 0 run(s), 1 hit(s), 0 error(s), 1 left on base; Atlanta 0 - Brooklyn 3
TOP OF THE 5TH
Atlanta Smoke batting - Pitching for Brooklyn Dodgers : RHP Horace McKenzie
Batting: RHB Iván Pérez 0-0: SINGLE (Flyball, 7S)
Batting: RHB Chris Teague 0-0: Ball
1-0: Ball
2-0: Called Strike
2-1: Grounds into double play, 4-6-3 (Groundball, 4)
Batting: RHB Cale Sutton 0-0: Ball
1-0: Foul Ball, location: 2F
1-1: Swinging Strike
1-2: Ball
2-2: Foul Ball, location: 2F
2-2: Foul Ball, location: 2F
2-2: Foul Ball, location: 2F
2-2: Fly out, F9 (Flyball, 9D)
Top of the 5th over - 0 run(s), 1 hit(s), 0 error(s), 0 left on base; Atlanta 0 - Brooklyn 3
BOTTOM OF THE 5TH
Brooklyn Dodgers batting - Pitching for Atlanta Smoke : RHP Makoto Kato
Batting: RHB Luis Rivas 0-0: Ball
1-0: Called Strike
1-1: Foul Ball, location: 2F
1-2: Foul Ball, location: 2F
1-2: Ground out 5-3 (Groundball, 56)
Batting: RHB Roger Lakes 0-0: Ball
1-0: SINGLE (Line Drive, 7LS)
Batting: RHB Thom Wilcox 0-0: Called Strike
0-1: Ball
1-1: Ball
Roger Lakes steals 2nd base
2-1: Ball
3-1: Swinging Strike
3-2: Base on Balls
Batting: LHB Ron Bascombe 0-0: Ball
Roger Lakes steals 3rd base
Thom Wilcox to second
1-0: Fly out, F4 (Popup, 34D)
Batting: LHB Curt Webb 0-0: Foul Ball, location: 2F
0-1: Ball
1-1: Ball
2-1: Ball
3-1: Ground out 5-3 (Groundball, 56S)
Bottom of the 5th over - 0 run(s), 1 hit(s), 0 error(s), 2 left on base; Atlanta 0 - Brooklyn 3
TOP OF THE 6TH
Atlanta Smoke batting - Pitching for Brooklyn Dodgers : RHP Horace McKenzie
Batting: RHB Mike Brown 0-0: Ball
1-0: Ball
2-0: Ball
3-0: Base on Balls
Batting: RHB Bartolo Morales 0-0: Ball
1-0: SINGLE (Flyball, 9S)
Mike Brown to second
Runner from 2nd tries for 3rd, SAFE, throw made to third
Bartolo Morales to second
Batting: RHB Mike Burns 0-0: Ground out 6-3 (Groundball, 6)
Mike Brown scores
Bartolo Morales to third
Batting: LHB Albert Morán 0-0: Ball
1-0: Ball
2-0: Ball
3-0: Base on Balls
Batting: LHB Armando Esparza 0-0: Foul Ball, location: 2F
0-1: Ball
1-1: Called Strike
1-2: Ball
Passed Ball!
Bartolo Morales scores
Albert Morán to second
2-2: Ground out 4-3 (Groundball, 4M)
Albert Morán to third
Batting: RHB Bob Campbell 0-0: Ball
1-0: Foul Ball, location: 2F
1-1: Foul Ball, location: 2F
1-2: Foul Ball, location: 2F
1-2: Foul Ball, location: 2F
1-2: Ball
2-2: Fly out, F3 (Popup, 3SF)
Top of the 6th over - 2 run(s), 1 hit(s), 0 error(s), 1 left on base; Atlanta 2 - Brooklyn 3
BOTTOM OF THE 6TH
Brooklyn Dodgers batting - Pitching for Atlanta Smoke : RHP Makoto Kato
Batting: RHB Donald Thompson 0-0: Ball
1-0: Foul Ball, location: 2F
1-1: Ground out 5-3 (Groundball, 5L)
Batting: SHB Raymond Bright 0-0: Ball
1-0: Foul Ball, location: 2F
1-1: Ball
2-1: Foul Ball, location: 2F
2-2: Foul Ball, location: 2F
2-2: Ground out U3 (Groundball, 3)
Batting: RHB Patrick Clark 0-0: Called Strike
0-1: Called Strike
0-2: Fly out, F7 (Flyball, 7M)
Bottom of the 6th over - 0 run(s), 0 hit(s), 0 error(s), 0 left on base; Atlanta 2 - Brooklyn 3
TOP OF THE 7TH
Atlanta Smoke batting - Pitching for Brooklyn Dodgers : RHP Horace McKenzie
Batting: RHB Iván Pérez 0-0: Ball
1-0: Swinging Strike
1-1: Ground out 5-3 (Groundball, 5S)
Batting: RHB Chris Teague 0-0: Foul Ball, location: 2F
0-1: Ground out 6-3 (Groundball, 6)
Batting: RHB Cale Sutton 0-0: Called Strike
0-1: Ball
1-1: Swinging Strike
1-2: Ball
2-2: Foul Ball, location: 2F
2-2: Foul Ball, location: 2F
2-2: Ground out 5-3 (Groundball, 56)
Top of the 7th over - 0 run(s), 0 hit(s), 0 error(s), 0 left on base; Atlanta 2 - Brooklyn 3
BOTTOM OF THE 7TH
Brooklyn Dodgers batting - Pitching for Atlanta Smoke : RHP Makoto Kato
Batting: RHB Jorge Torrez 0-0: Called Strike
0-1: Called Strike
0-2: Foul Ball, location: 2F
0-2: Ball
1-2: Ground out U3 (Groundball, 3)
Batting: RHB Luis Rivas 0-0: Ball
1-0: Foul Ball, location: 2F
1-1: Ball
2-1: TRIPLE (Line Drive, 8RXD)
Batting: RHB Roger Lakes 0-0: Ball
1-0: Ball
2-0: Called Strike
2-1: Swinging Strike
2-2: Ball
3-2: Foul Ball, location: 2F
3-2: Foul Ball, location: 2F
3-2: Foul Ball, location: 2F
3-2: Base on Balls
Batting: RHB Thom Wilcox 0-0: Called Strike
0-1: Called Strike
Roger Lakes steals 2nd base
0-2: Ball
1-2: DOUBLE (Flyball, 7LD)
Luis Rivas scores
Roger Lakes scores
Batting: LHB Ron Bascombe 0-0: Intentional Walk
Pitching: LHP Royce Bradshaw
Batting: LHB Curt Webb 0-0: Swinging Strike
0-1: Fly out, F8 (Flyball, 78M)
Batting: RHB Donald Thompson 0-0: Swinging Strike
0-1: Called Strike
0-2: Strikes out swinging
Bottom of the 7th over - 2 run(s), 2 hit(s), 0 error(s), 2 left on base; Atlanta 2 - Brooklyn 5
TOP OF THE 8TH
Atlanta Smoke batting - Pitching for Brooklyn Dodgers : RHP Horace McKenzie
Pitching: RHP Barry Jones
Batting: RHB Mike Brown 0-0: Called Strike
0-1: Foul Ball, location: 2F
0-2: Ball
1-2: Ball
2-2: Ground out 2-3 (Groundball, 2R)
Batting: RHB Bartolo Morales 0-0: Swinging Strike
0-1: Fly out, F8 (Flyball, 8LM)
Batting: RHB Mike Burns 0-0: Ball
1-0: Ball
2-0: Swinging Strike
2-1: Called Strike
2-2: Foul Ball, location: 2F
2-2: Ball
3-2: Strikes out looking
Top of the 8th over - 0 run(s), 0 hit(s), 0 error(s), 0 left on base; Atlanta 2 - Brooklyn 5
BOTTOM OF THE 8TH
Brooklyn Dodgers batting - Pitching for Atlanta Smoke : LHP Royce Bradshaw
Batting: SHB Raymond Bright 0-0: Ball
1-0: Called Strike
1-1: Foul Ball, location: 2F
1-2: Strikes out looking
Batting: RHB Patrick Clark 0-0: Called Strike
0-1: Called Strike
0-2: Ball
1-2: Foul Ball, location: 2F
1-2: Ball
2-2: Strikes out looking
Batting: RHB Jorge Torrez 0-0: Fly out, F5 (Popup, 5F)
Bottom of the 8th over - 0 run(s), 0 hit(s), 0 error(s), 0 left on base; Atlanta 2 - Brooklyn 5
TOP OF THE 9TH
Atlanta Smoke batting - Pitching for Brooklyn Dodgers : RHP Barry Jones
Pitching: RHP Powell Horne
Batting: LHB Albert Morán 0-0: SINGLE (Line Drive, 34)
Batting: LHB Armando Esparza 0-0: Ball
1-0: Grounds into double play, 4-6-3 (Groundball, 4)
Batting: RHB Bob Campbell 0-0: Ball
1-0: Foul Ball, location: 2F
1-1: Ball
2-1: Fly out, F4 (Popup, 34D)
Top of the 9th over - 0 run(s), 1 hit(s), 0 error(s), 0 left on base; Atlanta 2 - Brooklyn 5
This league is powered by Out of the Park Baseball, the baseball management simulation game for PC, Mac and Linux
Friday, April 15th, 2016 - OOTP Baseball 16.9 Build 39